Map: Kairos Junction LE

Players

Mez

  • Race: Terran Terran
  • League: Master
  • Spawn Location: 5:00

Anhedonia - Winner!

  • Race: Protoss Protoss
  • League: Master
  • Spawn Location: 11:00

VOD

Have the link to the VOD?

Description

Time

  • Played on: July 29, 2019, 1:01 a.m.
  • Length: 9:45
Show
View Real Time Build Order
Export as new Build Order

Mez Terran 

Build Orders: Reaper Expand 

Get SALT Encoding   

  12  0:01  SCV  
  13  0:13  SCV  
  14  0:17  Supply Depot  
  14  0:25  SCV  
  15  0:38  SCV  
  15  0:40  Barracks  
  16  0:44  Refinery  
  16  0:51  SCV  
  17  1:03  SCV  
  18  1:15  SCV  
  19  1:29  Reaper, Orbital Command  
  20  1:45  Command Center  
  20  1:56  Barracks  
  20  2:00  Engineering Bay  
  19  2:03  Barracks Reactor  
  19  2:09  SCV  
  20  2:17  Refinery  
  20  2:19  Supply Depot  
  20  2:25  SCV  
  20  2:29  Bunker  
  21  2:37  Factory  
  21  2:40  Marine x2  
  23  2:51  SCV  
  24  2:58  Marine x2  
  23  3:03  Orbital Command  
  25  3:05  SCV  
  26  3:17  Marine x2  
  26  3:18  SCV  
  29  3:22  Widow Mine  
  29  3:26  Starport  
  31  3:35  Marine x2  
  31  3:36  SCV x2  
  35  3:45  Widow Mine  
  35  3:48  SCV  
  38  3:51  SCV  
  38  3:54  Marine  
  40  4:00  SCV  
  40  4:01  Marine  
  42  4:03  SCV  
  42  4:04  Medivac  
  42  4:09  Factory Tech Lab  
  45  4:12  SCV  
  46  4:29  Barracks, Supply Depot  
  46  4:31  Supply Depot  
  46  4:36  Starport Tech Lab  
  46  4:50  SCV x2, Marine x2  
  46  4:51  Engineering Bay  
  46  4:52  Barracks  
  50  4:53  Refinery  
  50  4:54  Factory Tech Lab  
  50  4:56  Raven, Supply Depot  
  50  4:58  Supply Depot  
  52  5:02  SCV  
  52  5:03  SCV  
  54  5:11  Marine x2  
  56  5:14  Siege Tank  
  56  5:15  SCV x2  
  58  5:27  SCV x2  
  55  5:28  Marine  
  55  5:29  Marine  
  48  5:46  Marine x4  
  52  5:51  SCV  
  52  5:52  SCV  
  54  6:03  Marine  
  54  6:04  SCV x2  
  53  6:13  Marine  
  53  6:14  Marine  
  56  6:20  Stimpack  
  56  6:21  SCV, Marine  
  56  6:23  SCV  
  56  6:24  Starport Reactor  
  58  6:27  Combat Shield  
  58  6:29  Marine  
  59  6:34  SCV  
  59  6:35  SCV  
  61  6:40  Marine x3  
  61  6:44  Siege Tank  
  67  6:51  SCV x2  
  67  6:52  Refinery  
  69  6:57  Supply Depot  
  69  6:58  Marine  
  69  7:01  Medivac  
  72  7:02  Medivac  
  72  7:04  SCV  
  72  7:05  SCV  
  76  7:13  Marauder  
  78  7:18  Marine x2  
  78  7:19  SCV x2, Marauder  
  84  7:29  Supply Depot  
  84  7:31  Supply Depot  
  84  7:42  SCV x2  
  86  7:51  Siege Tank, Marine x2, Medivac  
  92  7:54  SCV  
  92  7:55  SCV  
  92  7:56  Marauder x2  
  99  7:59  Supply Depot  
  99  8:00  Medivac  
  99  8:01  Supply Depot  
  101  8:15  Marine x2  
  101  8:17  Marauder x2  
  107  8:22  SCV x2  
  107  8:26  Siege Tank  
  112  8:32  Marine  
  112  8:39  Marauder  
  71  9:02  Marine  
  71  9:03  Marine, Marauder x2  
  64  9:20  Marine x2  
Show
View Real Time Build Order
Export as new Build Order

Anhedonia Protoss - Winner!

Build Orders: Dark Templar Rush 

Get SALT Encoding   

  12  0:00  Probe  
  13  0:13  Probe  
  14  0:18  Pylon  
  14  0:22  Probe  
  15  0:32  Probe  
  15  0:38  Gateway  
  15  0:41  Probe  
  16  0:47  Assimilator  
  17  0:53  Probe  
  18  0:58  Pylon  
  18  1:05  Probe  
  19  1:17  Probe  
  20  1:26  Cybernetics Core  
  20  1:29  Probe  
  21  1:56  Adept  
  21  1:57  Pylon  
  23  2:10  Warp Gate  
  23  2:15  Nexus  
  23  2:18  Assimilator  
  23  2:22  Probe  
  24  2:26  Stalker  
  26  2:57  Twilight Council  
  26  2:59  Probe  
  27  3:07  Robotics Facility  
  27  3:16  Gateway  
  27  3:17  Gateway  
  27  3:24  Probe x2  
  27  3:32  Probe x2  
  29  3:39  Dark Shrine  
  31  3:41  Probe  
  31  3:47  Probe  
  33  3:58  Pylon x2  
  33  4:02  Observer  
  34  4:04  Probe x2  
  36  4:17  Shield Battery  
  36  4:23  Probe x2  
  36  4:30  Pylon  
  36  4:34  Gateway  
  36  4:35  Probe  
  36  4:36  Probe, Gateway  
  38  4:52  Dark Templar  
  38  4:55  Dark Templar  
  42  5:00  Immortal  
  42  5:02  Probe  
  42  5:03  Probe, Assimilator  
  48  5:09  Gateway  
  48  5:36  Probe x2  
  35  5:44  Probe  
  35  5:45  Probe  
  37  5:53  Probe x2  
  37  6:00  Robotics Bay  
  37  6:01  Charge  
  37  6:05  Probe x2  
  37  6:07  Observer  
  39  6:15  Probe  
  39  6:16  Probe  
  41  6:23  Probe  
  41  6:24  Probe  
  41  6:26  Nexus  
  41  6:27  Pylon  
  41  6:32  Probe x2  
  43  6:34  Zealot x3  
  43  6:39  Stalker, Colossus  
  53  6:44  Probe x2  
  61  6:59  Templar Archives  
  61  7:09  Assimilator  
  61  7:12  Pylon  
  61  7:16  Shield Battery  
  61  7:21  Probe  
  62  7:25  Colossus  
  62  7:32  Stalker  
  62  7:33  Stalker, Pylon  
  72  7:40  Probe x2  
  72  7:41  Probe  
  72  7:43  Extended Thermal Lance  
  75  7:45  Zealot x2  
  75  7:48  Zealot  
  81  8:07  Probe x2  
  81  8:08  Probe  
  81  8:12  High Templar  
  86  8:16  Zealot x4  
  86  8:17  Zealot, Colossus  
  98  8:37  Zealot x3  
  72  9:11  Zealot x3  
  72  9:12  Zealot  
  78  9:37  Pylon  
  78  9:41  Forge  
  78  9:43  Forge  
Tags
 
Add a new tag
Caveats
  • Supply blocks, unpowered buildings, or Contaminate may cause inaccurate times.
  • Supply counts are checked every 10 seconds.